 Dungeon Crawl Stone Soup version 0.29.1-15-g9cfb28693d (webtiles) character file.

Game seed: 8683034926212850474

935 growler the Grappler (level 7, -1/78 HPs)
             Began as a Black Draconian Transmuter on Feb 27, 2023.
             Was an Initiate of Wu Jian.
             Slain by Maggie
             ... wielding a +2 glaive of flaming
              (13 damage)
             ... on level 6 of the Dungeon.
             The game lasted 00:17:18 (6303 turns).

growler the Grappler (Black Draconian Transmuter)   Turns: 6303, Time: 00:17:19

Health: -1/78      AC:  7    Str: 13    XL:     7   Next: 87%
Magic:  4/11       EV: 12    Int: 15    God:    Wu Jian [......]
Gold:   224        SH:  0    Dex: 11    Spells: 2/12 levels left

rFire   . . .      SeeInvis .     - Unarmed
rCold   . . .      Faith    .   (no shield)
rNeg    . . .      Spirit   .   (body armour unavailable)
rPois   +          Reflect  .   (helmet restricted)
rElec   +          Harm     .   (no cloak)
rCorr   .          Rampage  .   s - +0 pair of gloves
Will    .....                   (no boots)
Stlth   ..........              k - amulet of the acrobat
HPRegen 0.23/turn               p - ring of poison resistance
MPRegen 0.12/turn               (no ring)

@: berserking, short of breath, very slightly contaminated, very quick
A: breathe lightning, AC +6, unfitting armour, electricity resistance,
cold-blooded
a: Breathe Lightning, Renounce Religion


You were on level 6 of the Dungeon.
You worshipped Wu Jian.
Wu Jian was noncommittal.
You visited 2 branches of the dungeon, and saw 7 of its levels.
You also visited: Sewer.

You collected 224 gold pieces.

Inventory:

Missiles
 b - 15 poisoned darts
 r - 5 curare-tipped darts
 D - a throwing net
Armour
 s - a +0 pair of gloves (worn)
Jewellery
 k - an amulet of the acrobat (around neck)
 p - a ring of poison resistance (left hand)
 v - a +4 ring of slaying
 A - an amulet of regeneration
Wands
 t - a wand of digging (8)
 y - a wand of mindburst (12)
 z - a wand of polymorph (4)
Scrolls
 c - a scroll of magic mapping {unknown}
 d - a scroll of torment
 f - a scroll of enchant armour {unknown}
 i - 5 scrolls of fear
 j - 2 scrolls of poison {unknown}
 m - a scroll of fog
 o - a scroll of vulnerability {unknown}
 q - a scroll of amnesia {unknown}
 x - a scroll of identify
 B - a scroll of noise {unknown}
 C - a scroll of teleportation {unknown}
Potions
 a - a potion of mutation
 e - a potion of flight
 g - a potion of resistance
 h - a potion of brilliance
 u - 2 potions of curing
 w - 2 potions of lignification


   Skills:
 - Level 1.1 Fighting
 - Level 1.7 Dodging
 + Level 8.5 Unarmed Combat
 - Level 3.0 Spellcasting
 - Level 4.0 Transmutations


You had 2 spell levels left.
You knew the following spells:

 Your Spells              Type           Power      Damage    Failure   Level
a - Beastly Appendage     Tmut           28%        N/A       3%          1
b - Wereblood             Tmut           14%        N/A       6%          2
c - Spider Form           Tmut/Pois      8%         N/A       26%         3
d - Ice Form              Ice/Tmut       8%         N/A       65%         4

Your spell library contained the following spells:

 Spells                   Type           Power      Damage    Failure   Level
 Shock                    Conj/Air       8%         1d3       21%         1
 Swiftness                Air            2%         N/A       52%         3
 Airstrike                Air            1%         2d(1-17)  89%         4


Dungeon Overview and Level Annotations

Branches:
Dungeon (6/15)             Temple (1/1) D:4           Sewer (visited)

Altars:
Ashenzari
Dithmenos
Hepliaklqana
Makhleb
Okawaru
Wu Jian
Zin

Shops:
D:4 (   D:5 =

Annotations:
D:3 2 runed translucent doors, DiggyJ's ghost, amateur GnWn
D:6 Maggie


Innate Abilities, Weirdness & Mutations

You can breathe wild blasts of lightning.
Your glossy black scales are hard. (AC +6)
You cannot fit into any form of body armour.
You are resistant to electric shocks. (rElec)
You are cold-blooded and may be slowed by cold attacks.


Message History

The bolt of fire hits you.
Casting: Spider Form (dangerous; 26% risk of failure)
Confirm with . or Enter, or press ? or * to list all spells.
You miscast Spider Form.
You are very lightly contaminated with residual magic.
Nothing appears to happen.
Maggie barely misses you.
Casting: Spider Form (dangerous; 26% risk of failure)
Confirm with . or Enter, or press ? or * to list all spells.
You miscast Spider Form.
Nothing appears to happen.
Maggie hits you with a +2 glaive of flaming!
Maggie burns you.
* * * LOW HITPOINT WARNING * * *
Unknown command.
You feel much better. Maggie barely misses you.
A red film seems to cover your vision as you go berserk!
You feel yourself moving faster!
You feel mighty!
Maggie hits you with a +2 glaive of flaming.
Maggie burns you.
You hit Maggie.
Maggie is heavily wounded.
Maggie casts a spell at you. The bolt of fire hits you!
* * * LOW HITPOINT WARNING * * *
You punch Maggie!
Maggie is severely wounded.
You punch Maggie!
Maggie is almost dead.
Maggie mumbles some strange words.
You closely miss Maggie.
Maggie is almost dead.
You barely miss Maggie.
Maggie is almost dead.
Maggie hits you with a +2 glaive of flaming.
* * * LOW HITPOINT WARNING * * *
Maggie burns you.
* * * LOW HITPOINT WARNING * * *
You barely miss Maggie.
Maggie is almost dead.
Maggie hits you with a +2 glaive of flaming!
You die...

##........## #..........#
#..........## #...........#
#.......###.##
#.......###..###
####......###..... #######
#.@........#...... #.....#
#@#......@)#......
#.....#######.#........_......
#.........##..#........#......
#.<....##.##.##[.).....#@.....
######....##.###......###..###
####.#..# ##.....###.## #
##########...## ####..###.# #
##.....##......# ##.....# ##
##..............## ####.## #.


You could see Maggie.

Vanquished Creatures
  Pargi (Sewer)
  A centaur (D:5)
  A scorpion (D:5)
  A howler monkey (D:4)
  3 hounds
  2 orc priests (D:3)
  A jelly (D:6)
  A gnoll bouda (D:5)
  Jessica (D:2)
  5 iguanas
  2 orc wizards (D:4)
  7 gnolls
  4 adders
  A shadow imp (D:5)
  A white imp (D:6)
  An ufetubus (D:6)
  4 worms
  4 dart slugs
  18 orcs
  11 bats
  4 endoplasms
  8 giant cockroaches
  5 goblins
  8 hobgoblins
  2 quokkas (D:3)
  4 ball pythons
  A frilled lizard (D:1)
  6 kobolds
  6 rats
114 creatures vanquished.

Notes
Turn   | Place    | Note
-------+----------+-------------------------------------------
     0 | D:1      | growler the Draconian Transmuter began the quest for the
                  | Orb.
     0 | D:1      | Reached XP level 1. HP: 16/16 MP: 3/3
   413 | D:1      | Reached XP level 2. HP: 22/23 MP: 5/5
   645 | D:1      | Learned a level 2 spell: Wereblood
   811 | D:1      | Found a faded altar of an unknown god.
  1051 | D:2      | Reached XP level 3. HP: 28/28 MP: 4/6
  1055 | D:2      | Learned a level 3 spell: Spider Form
  1115 | D:2      | Noticed Jessica
  1129 | D:2      | Killed Jessica
  1575 | D:2      | You fall into a shaft and drop 1 floor!
  1589 | D:3      | Reached XP level 4. HP: 35/35 MP: 4/8
  1682 | D:3      | Found a glowing drain.
  1701 | Sewer    | Entered a sewer
  1746 | Sewer    | Noticed Pargi
  1758 | Sewer    | Killed Pargi
  1759 | Sewer    | Reached skill level 4 in Unarmed Combat
  1759 | Sewer    | Reached XP level 5. HP: 27/40 MP: 5/9
  1931 | D:3      | Found a runed translucent door.
  2671 | D:3      | Learned a level 4 spell: Ice Form
  2705 | D:3      | Reached skill level 5 in Unarmed Combat
  2721 | D:3      | Reached XP level 6. HP: 27/47 MP: 7/10
  3055 | D:3      | Noticed DiggyJ's ghost (amateur GnWn)
  3267 | D:3      | Found a runed translucent door.
  3620 | D:4      | Found Zoshriv's Weapon Shoppe.
  3987 | D:4      | Reached skill level 6 in Unarmed Combat
  4035 | D:4      | Found a staircase to the Ecumenical Temple.
  4156 | Temple   | Entered the Ecumenical Temple
  4161 | Temple   | Became a worshipper of the Wu Jian Council
  4194 | D:5      | Entered Level 5 of the Dungeon
  4296 | D:5      | Your scales start taking on a glossy black colour.
  4296 | D:5      | Reached XP level 7. HP: 51/52 MP: 11/11
  4296 | D:5      | Gained mutation: You are resistant to electric shocks.
                  | (rElec) [Black Draconian growth]
  4343 | D:5      | Reached skill level 7 in Unarmed Combat
  5351 | D:5      | Found Nosut's Jewellery Emporium.
  5520 | D:6      | Reached skill level 8 in Unarmed Combat
  5868 | D:6      | Found a broken altar of Ashenzari.
  6133 | D:6      | Noticed Maggie
  6303 | D:6      | Slain by Maggie

Illustrated notes

Levels and vault maps discovered:
D:1:      lightli_molten_gateway, layout_basic,
          shapermc_ecumenical_altar_mp_ritualfount, patterned_corridor
D:2:      layout_basic, minmay_tripent, uniq_jessica
D:3:      layout_loops_ring, gup_sewer_entry_pipe, ebering_ghost_sewer_f
D:4:      layout_gridville, temple_hall, serial_shops, nicolae_shop_statue_plus,
          hangedman_glass_teeth, uniq_robin
D:5:      layout_basic, nicolae_take_the_stairs
D:6:      layout_rooms, cheibrodos_ashenzari_chains, corexii_shack,
          kennysheep_pointless_box, chequers_decorated_corner, uniq_maggie
Temple:   hellmonk_temple_of_storms

Skill      XL: |  1  2  3  4  5  6  7 |
---------------+----------------------+-----
Transmutations | 3 4 |  4.0
Spellcasting   | 3 |  3.0
Unarmed Combat | 4 5 6 8 |  8.5
Fighting       | |  1.1
Dodging        | |  1.7

Action                   |  1- 3 |  4- 6 |  7- 9 || total
-------------------------+-------+-------+-------++-------
Melee: Unarmed           |    82 |   192 |   108 ||   382
       Tailslap          |     6 |    20 |     7 ||    33
       Kick              |     2 |    18 |    10 ||    30
       Headbutt          |     3 |     6 |     6 ||    15
       Punch             |     1 |     7 |     6 ||    14
 Cast: Beastly Appendage |     4 |     7 |     7 ||    18
       Spider Form       |     1 |     4 |     2 ||     7
Invok: Lunge             |       |       |     6 ||     6
 Abil: Breathe Lightning |       |       |     3 ||     3
  Use: Potion            |     1 |       |     4 ||     5
       Scroll            |       |     9 |     1 ||    10
 Stab: Sleeping          |     1 |     2 |       ||     3
Armor: Skin              |    29 |    54 |    32 ||   115
Dodge: Dodged            |    41 |   138 |    56 ||   235
